 Dungeon Crawl Stone Soup version 0.29-a0-397-g846e4a0bbc (webtiles) character file.

Game seed: 12835461334542282810

291 Bruhh the Chiller (level 6, -2/44 HPs)
             Began as a Gnoll Ice Elementalist on May 12, 2022.
             Was an Initiate of Gozag.
             Slain by Grinder (5 damage)
             ... while paralysed by Grinder
             ... on level 4 of the Dungeon.
             The game lasted 00:07:38 (4483 turns).

Bruhh the Chiller (Gnoll Ice Elementalist)          Turns: 4483, Time: 00:07:38

Health: -2/44      AC:  2    Str:  7    XL:     6   Next: 32%
Magic:  12/14      EV:  2    Int: 17    God:    Gozag
Gold:   204        SH:  0    Dex: 12    Spells: 8/15 levels left

rFire   + . .      SeeInvis .     - Unarmed
rCold   + . .      Faith    .   (no shield)
rNeg    . . .      Spirit   .   a - +0 robe
rPois   +          Reflect  .   (no helmet)
rElec   +          Harm     .   (no cloak)
rCorr   +          Rampage  .   (no gloves)
Will    .....                   (no boots)
Stlth   +++.......              (no amulet)
HPRegen 0.14/turn               (no ring)
MPRegen 0.14/turn               (no ring)

@: paralysed, resistant, freezing walls, attractive
A: fangs 1, strong nose, distributed training
a: Renounce Religion, Potion Petition, Call Merchant, Bribe Branch


You were on level 4 of the Dungeon.
You worshipped Gozag.
Gozag was aware of your devotion.
You visited 2 branches of the dungeon, and saw 5 of its levels.

You collected 276 gold pieces.
You paid 72 gold pieces to Gozag.

Inventory:

Armour
 a - a +0 robe (worn)
 j - a +0 buckler
 r - an orb of mayhem
Jewellery
 q - a ring of willpower
 v - a +4 ring of protection
Scrolls
 c - 2 scrolls of vulnerability {unknown}
 d - 2 scrolls of teleportation {unknown}
 e - 2 scrolls of blinking {unknown}
 f - 2 scrolls of amnesia {unknown}
 g - 2 scrolls of enchant weapon {unknown}
 i - 2 scrolls of enchant armour {unknown}
 p - a scroll of silence {unknown}
 s - 2 scrolls of identify {unknown}
 t - a scroll of magic mapping {unknown}
Potions
 b - 2 potions of might
 l - a potion of invisibility


   Skills:
 + Level 1.9 Fighting
 + Level 1.9 Short Blades
 + Level 1.9 Long Blades
 + Level 1.9 Axes
 + Level 1.9 Maces & Flails
 + Level 1.9 Polearms
 + Level 1.9 Staves
 + Level 1.9 Slings
 + Level 1.9 Bows
 + Level 1.9 Crossbows
 + Level 1.9 Throwing
 + Level 1.9 Armour
 + Level 5.0 Dodging
 + Level 4.6 Stealth
 + Level 1.9 Shields
 + Level 1.9 Unarmed Combat
 + Level 5.3 Spellcasting
 + Level 1.5 Conjurations
 + Level 1.5 Hexes
 + Level 1.5 Summonings
 + Level 1.5 Necromancy
 + Level 1.5 Translocations
 + Level 1.5 Transmutations
 + Level 1.5 Fire Magic
 + Level 7.3 Ice Magic
 + Level 1.5 Air Magic
 + Level 1.5 Earth Magic
 + Level 1.5 Poison Magic
 + Level 2.1 Invocations
 + Level 1.9 Evocations


You had 8 spell levels left.
You knew the following spells:

 Your Spells              Type           Power      Damage    Failure   Level
a - Freeze                Ice            100%       1d11      1%          1
b - Frozen Ramparts       Ice            58%        1d7       1%          3
c - Ozocubu's Armour      Ice            29%        N/A       1%          3

Your spell library contained the following spells:

 Spells                   Type           Power      Damage    Failure   Level
 Ensorcelled Hibernation  Hex/Ice        38%        N/A       3%          2
 Passwall                 Tmut/Erth      7%         N/A       11%         2
 Swiftness                Air            9%         N/A       22%         3
 Hailstorm                Conj/Ice       19%        3d6       22%         4
 Ice Form                 Ice/Tmut       19%        N/A       22%         4
 Summon Ice Beast         Ice/Summ       19%        N/A       22%         4
 Ozocubu's Refrigeration  Ice            14%        4d7       99%         7


Dungeon Overview and Level Annotations

Branches:
Dungeon (4/15)             Temple (1/1) D:4

Altars:
Cheibriados
Dithmenos
Elyvilon
Fedhas
Gozag
Hepliaklqana
Kikubaaqudgha
Makhleb
Nemelex Xobeh
Qazlal
Ru
Sif Muna
Trog
Vehumet
Wu Jian
Xom
Yredelemnul
Zin

Shops:
D:1 [   D:3 (   D:4 (

Annotations:
D:4 Grinder


Innate Abilities, Weirdness & Mutations

You have very sharp teeth.
Your uncanny sense of smell can sniff out nearby items.
Your experience applies equally to all skills.


Message History

Grinder is severely wounded.
Grinder completely resists.
The wall freezes Grinder but does no damage.
Grinder hits you.
* * * LOW HITPOINT WARNING * * *
Unknown command.
Casting: Freeze (safe; 1% risk of failure)
Confirm with . or Enter, or press ? or * to list all spells.
Aiming: Freeze (safe; 1% risk of failure)
Press: ? - help, Shift-Dir - straight line, f/p - Grinder
Aim: Grinder (severely wounded)
You freeze Grinder.
Grinder resists.
Grinder is almost dead.
Grinder resists.
The wall freezes Grinder.
Grinder hits you.
* * * LOW HITPOINT WARNING * * *
You writhe in agony.
* * * LOW HITPOINT WARNING * * *
Casting: Freeze (safe; 1% risk of failure)
Confirm with . or Enter, or press ? or * to list all spells.
Aiming: Freeze (safe; 1% risk of failure)
Press: ? - help, Shift-Dir - straight line, f/p - Grinder
Aim: Grinder (almost dead)
You freeze Grinder.
Grinder resists.
Grinder is almost dead.
Grinder resists.
The wall freezes Grinder.
Grinder hits you but does no damage.
Unknown command.
You closely miss Grinder.
Grinder is almost dead.
Grinder resists.
The wall freezes Grinder.
Grinder gestures at you.
You suddenly lose the ability to move!
Grinder resists.
The wall freezes Grinder.
Grinder gestures at you. You resist with significant effort.
You feel less wooden.
Your +0 robe unmelds from your body.
Grinder completely resists.
The wall freezes Grinder but does no damage.
Grinder hits you.
You die...
Your body crumbles into a pile of gold.

..........# .....>....#
..........# ..........
#........# #........##
....[.....###
.........$5@#
..........#$##
.............######
...........>......#
##.............####.
#..#...........#
##.####.........## ..#
#..........##### ##
####.####..............##.


You could see Grinder.

Vanquished Creatures
  A hound (D:4)
  Crazy Yiuf (D:2)
  Terence (D:2)
  An iguana (D:4)
  6 adders
  3 gnolls (D:3)
  2 worms
  3 dart slugs
  An orc (D:4)
  8 endoplasms
  4 giant cockroaches
  5 goblins
  7 hobgoblins
  10 jackals
  8 kobolds
  2 quokkas (D:1)
  9 ball pythons
  4 bats
  5 frilled lizards
  7 rats
88 creatures vanquished.

Notes
Turn   | Place    | Note
-------+----------+-------------------------------------------
     0 | D:1      | Bruhh the Gnoll Ice Elementalist began the quest for the
                  | Orb.
     0 | D:1      | Reached XP level 1. HP: 13/13 MP: 6/6
   226 | D:1      | Reached XP level 2. HP: 14/19 MP: 4/7
  1074 | D:1      | Reached XP level 3. HP: 24/25 MP: 5/9
  1078 | D:1      | Reached skill level 5 in Spellcasting
  1092 | D:1      | Learned a level 3 spell: Frozen Ramparts
  1096 | D:1      | Learned a level 3 spell: Ozocubu's Armour
  1251 | D:1      | Found Kappan's Antique Armour Emporium.
  1598 | D:2      | Found a faded altar of an unknown god.
  1625 | D:2      | Found a burning altar of Makhleb.
  1654 | D:2      | Reached skill level 1 in Invocations
  1665 | D:2      | Reached skill level 1 in Fighting
  1665 | D:2      | Reached skill level 1 in Short Blades
  1665 | D:2      | Reached skill level 1 in Long Blades
  1665 | D:2      | Reached skill level 1 in Axes
  1665 | D:2      | Reached skill level 1 in Maces & Flails
  1665 | D:2      | Reached skill level 1 in Polearms
  1665 | D:2      | Reached skill level 1 in Staves
  1665 | D:2      | Reached skill level 1 in Slings
  1665 | D:2      | Reached skill level 1 in Bows
  1665 | D:2      | Reached skill level 1 in Crossbows
  1665 | D:2      | Reached skill level 1 in Throwing
  1665 | D:2      | Reached skill level 1 in Armour
  1665 | D:2      | Reached skill level 1 in Shields
  1665 | D:2      | Reached skill level 1 in Unarmed Combat
  1665 | D:2      | Reached skill level 1 in Evocations
  1875 | D:2      | Reached XP level 4. HP: 32/32 MP: 9/11
  1892 | D:2      | Noticed Terence
  1901 | D:2      | Killed Terence
  1980 | D:2      | Reached skill level 1 in Conjurations
  1980 | D:2      | Reached skill level 1 in Hexes
  1980 | D:2      | Reached skill level 1 in Summonings
  1980 | D:2      | Reached skill level 1 in Necromancy
  1980 | D:2      | Reached skill level 1 in Translocations
  1980 | D:2      | Reached skill level 1 in Transmutations
  1980 | D:2      | Reached skill level 1 in Fire Magic
  1980 | D:2      | Reached skill level 1 in Air Magic
  1980 | D:2      | Reached skill level 1 in Earth Magic
  1980 | D:2      | Reached skill level 1 in Poison Magic
  2388 | D:2      | Found a runed translucent door.
  2389 | D:2      | Noticed Crazy Yiuf
  2484 | D:2      | Reached XP level 5. HP: 37/37 MP: 10/12
  2551 | D:2      | Killed Crazy Yiuf
  3178 | D:3      | Found Gaethripp's Weapon Shop.
  3598 | D:4      | Found Ostumar's Antique Weapon Shoppe.
  3704 | D:4      | Found a staircase to the Ecumenical Temple.
  3731 | Temple   | Entered the Ecumenical Temple
  3928 | Temple   | Became a worshipper of Gozag Ym Sagoz the Greedy
  4148 | D:4      | Reached XP level 6. HP: 44/44 MP: 11/13
  4425 | D:4      | Noticed Grinder
  4438 | D:4      | Reached skill level 5 in Dodging
  4481 | D:4      | Paralysed by Grinder for 5 turns
  4483 | D:4      | Slain by Grinder

Illustrated notes

Levels and vault maps discovered:
D:1:      wander_arrival_chamber, layout_basic, serial_shops,
          nicolae_shop_window_shopping
D:2:      layout_rooms, basic_altar, nicolae_ecumenical_pavilion,
          uniq_crazy_yiuf_cottage, uniq_terence
D:3:      layout_loops_cross, serial_shops, nicolae_shop_stone,
          minmay_misc_feat_hallway, grunt_ministairs_14
D:4:      layout_rooms, minmay_temple_entry_junction, serial_shops, shop,
          chequers_garden, st_stairs_9, uniq_grinder
Temple:   eino_narrow_crystal_temple

Skill      XL: |  1  2  3  4  5  6 |
---------------+-------------------+-----
Spellcasting   | 5 |  5.3
Invocations    | 1 2 |  2.1
Fighting       | 1 |  1.9
Short Blades   | 1 |  1.9
Long Blades    | 1 |  1.9
Axes           | 1 |  1.9
Maces & Flails | 1 |  1.9
Polearms       | 1 |  1.9
Staves         | 1 |  1.9
Slings         | 1 |  1.9
Bows           | 1 |  1.9
Crossbows      | 1 |  1.9
Throwing       | 1 |  1.9
Armour         | 1 |  1.9
Shields        | 1 |  1.9
Unarmed Combat | 1 |  1.9
Evocations     | 1 |  1.9
Conjurations   | 1 |  1.5
Hexes          | 1 |  1.5
Summonings     | 1 |  1.5
Necromancy     | 1 |  1.5
Translocations | 1 |  1.5
Transmutations | 1 |  1.5
Fire Magic     | 1 |  1.5
Air Magic      | 1 |  1.5
Earth Magic    | 1 |  1.5
Poison Magic   | 1 |  1.5
Dodging        | 5 |  5.0
Stealth        | |  4.6
Ice Magic      | |  7.3

Action                   |  1- 3 |  4- 6 || total
-------------------------+-------+-------++-------
Melee: Unarmed           |    17 |    19 ||    36
       Bite              |     1 |     3 ||     4
 Cast: Freeze            |    51 |    71 ||   122
       Frozen Ramparts   |       |     8 ||     8
       Ozocubu's Armour  |       |     4 ||     4
  Use: Potion            |     1 |     8 ||     9
 Stab: Sleeping          |     2 |     1 ||     3
Armor: Robe              |     7 |     6 ||    13
       Skin              |       |    15 ||    15
Dodge: Dodged            |    41 |    60 ||   101
Block: Buckler           |     1 |    17 ||    18

Table legend: (Time is in decaauts)
 A = Elapsed time spent in this place.
 B = Non-inter-level travel time spent in this place.
 C = Inter-level travel time spent in this place.
 D = Time resting spent in this place.
 E = Time spent auto-exploring this place.
 F = Levels seen in this place.
 G = Mean time per level.
                   A        B        C        D        E       F      G
               +--------+--------+--------+--------+--------+-----+--------+
         Total |   4482 |   4278 |    204 |      0 |   3702 |   5 |  896.4 |
       Dungeon |   4278 |   4090 |    188 |      0 |   3532 |   4 | 1069.5 |
        Temple |    203 |    187 |     16 |      0 |    170 |   1 |  203.0 |
               +--------+--------+--------+--------+--------+-----+--------+

Top non-repeatable levels by time:
     D:1: 1598 daAuts
     D:2: 1087 daAuts
     D:3: 911 daAuts
     D:4: 681 daAuts
  Temple: 203 daAuts
